 Dungeon Crawl Stone Soup version 0.23.2 (webtiles) character file.

Game seed: 6516485934943180408

1715 dvd the Firebug (level 9, -1/54 HPs)
             Began as an Octopode Fire Elementalist on Apr 8, 2019.
             Was a Follower of Vehumet.
             Slain by an orc warrior
             ... wielding a +0 trident
              (18 damage)
             ... on level 6 of the Dungeon.
             The game lasted 00:17:52 (7737 turns).

dvd the Firebug (Octopode Fire Elementalist)        Turns: 7737, Time: 00:17:53

Health: -1/54      AC:  3    Str:  8    XL:     9   Next: 4%
Magic:  20/26      EV: 14    Int: 20    God:    Vehumet [*.....]
Gold:   396        SH:  0    Dex: 12    Spells: 2/18 levels left

rFire    + . .     SeeInvis .   v - +5 flail (protect)
rCold    . . .     Gourm    .   (no shield)
rNeg     . . .     Faith    .   (helmet restricted)
rPois    .         Spirit   .   (no amulet)
rElec    .         Reflect  .   f - ring of protection from fire
rCorr    .         Harm     .   n - ring of magical power
MR       .....                  (no ring)
Stlth    ++++......             (no ring)
HPRegen  0.18/turn              (no ring)
MPRegen  0.20/turn              (no ring)
                                (no ring)
                                (no ring)

@: no status effects
A: almost no armour, stealthy swim, amphibious, 8 rings, constrict 8, molten
scales 1, camouflage 1, blurry vision 1, gelatinous body 1
a: Renounce Religion


You were on level 6 of the Dungeon.
You worshipped Vehumet.
Vehumet was aware of your devotion.
You were not hungry.

You visited 2 branches of the dungeon, and saw 7 of its levels.

You collected 396 gold pieces.

Inventory:

Hand Weapons
 c - a +1 dagger of venom
 g - a +1 whip of electrocution
 o - a +7 club
 u - a +1 war axe of chopping
 v - a +5 flail of protection (weapon)
 w - a +0 dagger of flaming
Jewellery
 f - a ring of protection from fire (left tentacle)
 n - a ring of magical power (right tentacle)
Wands
 q - a wand of digging (5)
 r - a wand of random effects (10)
 x - a wand of scattershot (5)
 y - a wand of iceblast (9)
Scrolls
 a - 6 scrolls of teleportation
 d - a scroll of amnesia
 h - 4 scrolls of enchant armour
 i - 4 scrolls of identify
 z - a scroll of random uselessness {unknown}
Potions
 e - a potion of brilliance {unknown}
 j - 3 potions of magic {unknown}
 k - a potion of might
 l - a potion of curing {unknown}
 m - a potion of heal wounds {unknown}
 p - a potion of agility {unknown}
 s - 2 potions of flight {unknown}
Comestibles
 b - 10 rations


   Skills:
 + Level 1.6 Fighting
 + Level 2.5(3.3) Axes
 + Level 3.2(3.6) Maces & Flails
 + Level 3.4 Dodging
 + Level 5.5 Stealth
 + Level 5.4 Spellcasting
 + Level 4.9 Conjurations
 + Level 5.8 Fire Magic
 + Level 0.1 Evocations


You had 2 spell levels left.
You knew the following spells:

 Your Spells              Type           Power        Failure   Level  Hunger
a - Flame Tongue          Conj/Fire      ####.        1%          1    None
b - Throw Flame           Conj/Fire      ####..       1%          2    None
c - Sticky Flame          Conj/Fire      ####....     12%         4    ####...
d - Fireball              Conj/Fire      ####......   34%         5    #####..
e - Freeze                Ice            #...         11%         1    None
f - Regeneration          Chrm/Necr      #.........   32%         3    ##.....

Your spell library contained the following spells:

 Spells                   Type           Power        Failure   Level  Hunger
 Animate Skeleton         Necr           N/A          11%         1    None
 Pain                     Necr           #...         11%         1    None
 Conjure Flame            Conj/Fire      ####....     3%          3    ##.....
 Inner Flame              Hex/Fire       ###.....     10%         3    ##.....
 Vampiric Draining        Necr           #.........   32%         3    ##.....
 Animate Dead             Necr           N/A          73%         4    ####...


Dungeon Overview and Level Annotations

Branches:
Dungeon (6/15)             Temple (1/1) D:5

Altars:
Ashenzari
Cheibriados
Dithmenos
Elyvilon
Gozag
Kikubaaqudgha
Makhleb
Nemelex Xobeh
Qazlal
Ru
Sif Muna
Trog
Vehumet
Xom
Yredelemnul
Zin
The Shining One

Shops:
D:2 *


Innate Abilities, Weirdness & Mutations

You cannot wear most types of armour.
You are very stealthy in the water. (Stealth+)
You are amphibious.
You can wear up to eight rings at the same time.
You can use your tentacles to constrict eight enemies at once.
Your skin changes colour to match your surroundings (Stealth+).
Your rubbery body absorbs attacks. (AC +1, EV +1)
You are partially covered in molten scales. (AC +2)
Scrolls take you a little longer to read.


Message History

The orc warrior is almost dead.
Casting: Flame Tongue (safe; 1% risk of failure)
Confirm with . or Enter, or press ? or * to list all spells.
Aiming: Flame Tongue (safe; 1% risk of failure)
Press: ? - help, Shift-Dir - straight line, f/p - orc warrior
Aim: an orc warrior, wielding a +0 trident and wearing a +0 plate armour (almost dead)
The flame tongue misses the orc warrior.
The flame tongue hits the ogre!
The ogre is moderately wounded.
The orc warrior misses you.
Casting: Flame Tongue (safe; 1% risk of failure)
Confirm with . or Enter, or press ? or * to list all spells.
Aiming: Flame Tongue (safe; 1% risk of failure)
Press: ? - help, Shift-Dir - straight line, f/p - orc warrior
Aim: an orc warrior, wielding a +0 trident and wearing a +0 plate armour (almost dead)
The flame tongue hits the orc warrior.
The orc warrior is almost dead.
The orc warrior hits you from afar with a +0 trident!
The orc warrior hits you from afar with a +0 trident!!
You die...

#.# #.# #.# #.# #.#
################ #.#
#..o.oO.o.@...(#
.##.###.############.#
s....(..# #.#
###.##### #####.# #.#
#.....# #.# #.#####
#.####### #.#
#(......### #.#
#.........# #.#


You could see an orc warrior, an ogre, an orc priest (wandering) and an orc.

Vanquished Creatures
  Pikel (D:5)
  Edmund (D:5)
  A slave (D:5)
  A phantom (D:5)
  2 centaurs (D:5)
  A scorpion (D:4)
  A howler monkey (D:4)
  A crimson imp (D:5)
  A centaur zombie (D:5)
  A jelly (D:5)
  A centaur skeleton (D:5)
  An orc priest (D:5)
  5 orc wizards (D:5)
  3 iguanas
  Ijyb (D:3)
  3 worker ants
  A hound skeleton (D:4)
  8 gnolls
  A worker ant zombie (D:5)
  9 adders
  2 shadow imps (D:5)
  An adder skeleton (D:5)
  2 worms
  A dart slug (D:1)
  5 leopard geckos
  15 orcs
  11 bats
  5 giant cockroaches
  5 goblins
  13 hobgoblins
  18 jackals
  11 kobolds
  2 quokkas (D:4)
  7 frilled lizards
  A jackal skeleton (D:4)
  2 leopard gecko skeletons
  8 rats
153 creatures vanquished.

Vanquished Creatures (others)
  Menkaure (D:5)
1 creature vanquished.

Grand Total: 154 creatures vanquished

Notes
Turn   | Place    | Note
-------+----------+-------------------------------------------
     0 | D:1      | dvd the Octopode Fire Elementalist began the quest for the
                  | Orb.
     0 | D:1      | Reached XP level 1. HP: 11/11 MP: 3/3
   273 | D:1      | Reached XP level 2. HP: 17/17 MP: 0/5
   586 | D:1      | Learned a level 2 spell: Throw Flame
   666 | D:1      | Reached XP level 3. HP: 20/21 MP: 2/6
   698 | D:1      | HP: 1/21 [jackal (3)]
  1329 | D:2      | Found a glowing silver altar of Zin.
  1330 | D:2      | Found Zin's Purification Station.
  1995 | D:2      | Reached XP level 4. HP: 24/27 MP: 4/8
  2001 | D:2      | Found a shattered altar of Ashenzari.
  2519 | D:3      | Reached skill level 1 in Maces & Flails
  2735 | D:3      | Found a shimmering altar of Xom.
  2800 | D:3      | Reached XP level 5. HP: 32/32 MP: 5/9
  3244 | D:3      | Noticed Ijyb
  3252 | D:3      | Gained mutation: Your body sometimes deteriorates upon
                  | taking damage. [potion of mutation]
  3252 | D:3      | Gained mutation: You are somewhat resistant to further
                  | mutation. [potion of mutation]
  3259 | D:3      | Killed Ijyb
  3455 | D:3      | Lost mutation: Your body sometimes deteriorates upon taking
                  | damage. [potion of mutation]
  3455 | D:3      | Lost mutation: You are somewhat resistant to further
                  | mutation. [potion of mutation]
  3455 | D:3      | Gained mutation: Scrolls take you a little longer to read.
                  | [potion of mutation]
  3455 | D:3      | Gained mutation: You are partially covered in molten
                  | scales. (AC +2) [potion of mutation]
  3873 | D:4      | Reached XP level 6. HP: 37/37 MP: 11/11
  3879 | D:4      | Learned a level 4 spell: Sticky Flame
  4234 | D:4      | Reached skill level 1 in Fighting
  4909 | D:5      | Entered Level 5 of the Dungeon
  4933 | D:5      | Found a staircase to the Ecumenical Temple.
  4942 | Temple   | Entered the Ecumenical Temple
  4960 | Temple   | Became a worshipper of Vehumet
  5075 | D:5      | Reached XP level 7. HP: 41/43 MP: 12/12
  5611 | D:5      | Reached skill level 1 in Axes
  5816 | D:5      | Reached XP level 8. HP: 33/48 MP: 1/14
  5971 | D:5      | Found a bloodstained altar of Trog.
  5971 | D:5      | Found a basalt altar of Yredelemnul.
  5972 | D:5      | Found a shadowy altar of Dithmenos.
  5995 | D:5      | Learned a level 5 spell: Fireball
  6025 | D:5      | Reached skill level 5 in Fire Magic
  6252 | D:5      | Noticed Edmund
  6269 | D:5      | Killed Edmund
  6470 | D:5      | Reached * piety under Vehumet
  6470 | D:5      | Offered knowledge of Freeze by Vehumet.
  6480 | D:5      | Learned a level 1 spell: Freeze
  6607 | D:5      | Reached skill level 5 in Stealth
  6935 | D:5      | Noticed Menkaure
  7167 | D:5      | Noticed Pikel
  7186 | D:5      | Killed Pikel
  7186 | D:5      | Reached skill level 5 in Spellcasting
  7186 | D:5      | Reached XP level 9. HP: 54/54 MP: 6/17
  7189 | D:5      | Killed Menkaure
  7398 | D:6      | Found an ancient bone altar of Kikubaaqudgha.
  7409 | D:6      | Learned a level 3 spell: Regeneration
  7737 | D:6      | Slain by an orc warrior

Skill      XL: |  1  2  3  4  5  6  7  8 |
---------------+-------------------------+-----
Stealth        | 3 4 5 |  5.5
Maces & Flails | 1 2 3 |  3.2
Spellcasting   | 3 4 5 |  5.4
Conjurations   | 2 3 4 |  4.9
Fire Magic     | 4 5 |  5.8
Fighting       | 1 |  1.6
Axes           | 1 2 |  2.5
Dodging        | 3 |  3.4
Evocations     | |  0.1

Action                   |  1- 3 |  4- 6 |  7- 9 || total
-------------------------+-------+-------+-------++-------
Melee: Unarmed           |    10 |       |       ||    10
       Constrict         |    13 |    10 |    10 ||    33
       Whip              |    44 |    32 |       ||    76
       Tentacles         |     2 |     5 |    11 ||    18
       Club              |       |    22 |       ||    22
       War axe           |       |     3 |    25 ||    28
       Flail             |       |       |    16 ||    16
 Cast: Flame Tongue      |    45 |    74 |    54 ||   173
       Throw Flame       |    10 |    28 |    37 ||    75
       Sticky Flame      |       |     2 |    16 ||    18
Evoke: Wand              |       |       |     1 ||     1
  Use: Scroll            |     3 |     3 |     1 ||     7
       Potion            |       |     3 |       ||     3
 Stab: Sleeping          |     1 |     4 |     2 ||     7
  Eat: Chunk             |     4 |    11 |    12 ||    27
Armor: Skin              |    12 |     4 |     7 ||    23
Dodge: Dodged            |    49 |    45 |    49 ||   143
